AoeStats
← Tylemaker

Arabia

508584490Analyzed
2v2 RM · 8d ago on Sep 23, 2026· 57m 7s· 4 players
Game mode
Random Map
Map size
Medium (4 player)
Population
200
Speed
Normal
Resources
Standard
Victory
Conquest
Starting age
Dark Age
Ending age
Imperial Age
RankedLock teamsTeams togetherTeam positionsShared explorationLock speedFull tech treeHidden civsTurbo modeCheats
Victory
Defeat
🇦🇺 Khmer · Australia
1159
+17
🇨🇦 Varangians · Canada
1081
+21
🇲🇽 Varangians · Mexico
1263
-22
🇪🇨 Saracens · Ecuador
1111
-16
Tylemaker
6:34 Loom
9:36 Feudal Age
10:32 Double-Bit Axe
15:48 Bloodlines
17:51 Scale Barding Armor
20:19 Forging
20:23 Gold Mining
24:15 Castle Age
23:25 Horse Collar
25:24 Chain Barding Armor
25:42 Iron Casting
25:17 Husbandry
26:05 Bow Saw
29:01 Heavy Plow
37:37 Wheelbarrow
42:11 Imperial Age
42:18 Cavalier
43:34 Plate Barding Armor
44:00 Blast Furnace
44:37 Hand Cart
44:07 Town Watch
45:19 Conscription
45:46 Elite Jarl
48:13 Fletching
53:08 Cavalier
55:12 Squires
54:59 Gambesons
55:15 Scale Mail Armor
55:35 Elite Varangian Guard
56:03 Arson
spartacusspud
0:54 Loom
6:08 Loom
8:32 Feudal Age
9:24 Double-Bit Axe
16:53 Horse Collar
17:43 Gold Mining
18:45 Town Watch
21:09 Castle Age
21:32 Forging
21:27 Scale Barding Armor
25:12 Chain Barding Armor
26:13 Husbandry
31:42 Iron Casting
33:56 Bow Saw
34:00 Bloodlines
33:44 Fletching
37:57 Imperial Age
36:26 Heavy Plow
36:35 Scale Mail Armor
36:31 Stone Mining
39:30 Wheelbarrow
38:35 Elite Battle Elephant
39:56 Plate Barding Armor
40:22 Blast Furnace
41:49 Tusk Swords
44:25 Hand Cart
46:09 Blast Furnace
45:56 Conscription
47:24 Bodkin Arrow
47:43 Double Crossbow
50:26 Heavy Scorpion
Jermitaneo
7:26 Loom
9:55 Feudal Age
16:50 Double-Bit Axe
18:44 Gold Mining
20:39 Horse Collar
24:22 Fletching
24:46 Forging
24:37 Scale Mail Armor
37:46 Castle Age
ZepedaAn
5:45 Loom
8:52 Feudal Age
9:26 Double-Bit Axe
12:04 Town Watch
12:49 Bloodlines
13:58 Wheelbarrow
15:17 Horse Collar
20:28 Gold Mining
21:06 Scale Barding Armor
23:36 Castle Age
21:59 Forging
24:22 Husbandry
24:46 Chain Barding Armor
25:02 Iron Casting
24:41 Bow Saw
30:23 Heavy Plow
32:09 Pikeman
34:02 Stone Mining
34:45 Scale Mail Armor
39:57 Imperial Age
38:27 Light Cavalry
39:17 Squires
39:35 Chain Mail Armor
41:26 Plate Barding Armor
41:52 Blast Furnace
40:18 Cavalier
41:00 Halberdier
43:02 Hussar
45:04 Two-Man Saw
45:12 Plate Mail Armor
46:29 Fletching
48:47 Conscription
Connection lost

Rejoining the realm…

Still unreachable

The connection could not be restored.

Session expired

The server has moved on; the page needs a fresh start.